Workbook

Sheet Goals
A1: Goal | B1: Area | C1: Unit | D1: Start | E1: Target | F1: Current | G1: Start date | H1: Deadline | I1: Progress | J1: Time used | K1: Days left | L1: Milestones | M1: Status | N1: Next step
A2: Pay off the Visa card | B2: Money | C2: $ owed | D2: 6200 | E2: 0 | F2: =IF(ISBLANK(A2),"",IF(COUNTIFS('Progress Log'!$B$2:$B$61,A2)=0,D2,SUMIFS('Progress Log'!$C$2:$C$61,'Progress Log'!$B$2:$B$61,A2,'Progress Log'!$E$2:$E$61,TRUE))) -> 1800 | G2: 46082 | H2: 46387 | I2: =IF(OR(ISBLANK(A2),E2=D2),"",MAX(0,MIN(1,(F2-D2)/(E2-D2)))) -> 0.70967742 | J2: =IF(OR(ISBLANK(A2),NOT(ISNUMBER(G2)),NOT(ISNUMBER(H2))),"",IF(H2<=G2,1,MAX(0,MIN(1,(Summary!$B$2-G2)/(H2-G2))))) -> 0.81311475 | K2: =IF(OR(ISBLANK(A2),NOT(ISNUMBER(H2))),"",MAX(0,H2-Summary!$B$2)) -> 57 | L2: =IF(ISBLANK(A2),"",IF(COUNTIFS(Milestones!$A$2:$A$41,A2)=0,"None",COUNTIFS(Milestones!$A$2:$A$41,A2,Milestones!$D$2:$D$41,TRUE)&" of "&COUNTIFS(Milestones!$A$2:$A$41,A2))) -> 1 of 3 | M2: =IF(ISBLANK(A2),"",IF(I2=1,"Done",IF(AND(ISNUMBER(H2),Summary!$B$2>H2),"Overdue",IF(AND(ISNUMBER(G2),Summary!$B$2<G2),"Not started",IF(NOT(ISNUMBER(J2)),"",IF(I2>=J2,"On track","Behind")))))) -> Behind | N2: Extra $400 on the 15th
A3: Save a $5,000 emergency fund | B3: Money | C3: $ saved | D3: 800 | E3: 5000 | F3: =IF(ISBLANK(A3),"",IF(COUNTIFS('Progress Log'!$B$2:$B$61,A3)=0,D3,SUMIFS('Progress Log'!$C$2:$C$61,'Progress Log'!$B$2:$B$61,A3,'Progress Log'!$E$2:$E$61,TRUE))) -> 4400 | G3: 46023 | H3: 46387 | I3: =IF(OR(ISBLANK(A3),E3=D3),"",MAX(0,MIN(1,(F3-D3)/(E3-D3)))) -> 0.85714286 | J3: =IF(OR(ISBLANK(A3),NOT(ISNUMBER(G3)),NOT(ISNUMBER(H3))),"",IF(H3<=G3,1,MAX(0,MIN(1,(Summary!$B$2-G3)/(H3-G3))))) -> 0.84340659 | K3: =IF(OR(ISBLANK(A3),NOT(ISNUMBER(H3))),"",MAX(0,H3-Summary!$B$2)) -> 57 | L3: =IF(ISBLANK(A3),"",IF(COUNTIFS(Milestones!$A$2:$A$41,A3)=0,"None",COUNTIFS(Milestones!$A$2:$A$41,A3,Milestones!$D$2:$D$41,TRUE)&" of "&COUNTIFS(Milestones!$A$2:$A$41,A3))) -> 2 of 3 | M3: =IF(ISBLANK(A3),"",IF(I3=1,"Done",IF(AND(ISNUMBER(H3),Summary!$B$2>H3),"Overdue",IF(AND(ISNUMBER(G3),Summary!$B$2<G3),"Not started",IF(NOT(ISNUMBER(J3)),"",IF(I3>=J3,"On track","Behind")))))) -> On track | N3: Auto-transfer $350 a month
A4: Run a half marathon | B4: Health | C4: miles | D4: 3 | E4: 13.1 | F4: =IF(ISBLANK(A4),"",IF(COUNTIFS('Progress Log'!$B$2:$B$61,A4)=0,D4,SUMIFS('Progress Log'!$C$2:$C$61,'Progress Log'!$B$2:$B$61,A4,'Progress Log'!$E$2:$E$61,TRUE))) -> 9 | G4: 46174 | H4: 46489 | I4: =IF(OR(ISBLANK(A4),E4=D4),"",MAX(0,MIN(1,(F4-D4)/(E4-D4)))) -> 0.59405941 | J4: =IF(OR(ISBLANK(A4),NOT(ISNUMBER(G4)),NOT(ISNUMBER(H4))),"",IF(H4<=G4,1,MAX(0,MIN(1,(Summary!$B$2-G4)/(H4-G4))))) -> 0.4952381 | K4: =IF(OR(ISBLANK(A4),NOT(ISNUMBER(H4))),"",MAX(0,H4-Summary!$B$2)) -> 159 | L4: =IF(ISBLANK(A4),"",IF(COUNTIFS(Milestones!$A$2:$A$41,A4)=0,"None",COUNTIFS(Milestones!$A$2:$A$41,A4,Milestones!$D$2:$D$41,TRUE)&" of "&COUNTIFS(Milestones!$A$2:$A$41,A4))) -> 1 of 3 | M4: =IF(ISBLANK(A4),"",IF(I4=1,"Done",IF(AND(ISNUMBER(H4),Summary!$B$2>H4),"Overdue",IF(AND(ISNUMBER(G4),Summary!$B$2<G4),"Not started",IF(NOT(ISNUMBER(J4)),"",IF(I4>=J4,"On track","Behind")))))) -> On track | N4: Long run every Saturday
A5: Lose 15 pounds | B5: Health | C5: lbs | D5: 192 | E5: 177 | F5: =IF(ISBLANK(A5),"",IF(COUNTIFS('Progress Log'!$B$2:$B$61,A5)=0,D5,SUMIFS('Progress Log'!$C$2:$C$61,'Progress Log'!$B$2:$B$61,A5,'Progress Log'!$E$2:$E$61,TRUE))) -> 185 | G5: 46235 | H5: 46419 | I5: =IF(OR(ISBLANK(A5),E5=D5),"",MAX(0,MIN(1,(F5-D5)/(E5-D5)))) -> 0.46666667 | J5: =IF(OR(ISBLANK(A5),NOT(ISNUMBER(G5)),NOT(ISNUMBER(H5))),"",IF(H5<=G5,1,MAX(0,MIN(1,(Summary!$B$2-G5)/(H5-G5))))) -> 0.51630435 | K5: =IF(OR(ISBLANK(A5),NOT(ISNUMBER(H5))),"",MAX(0,H5-Summary!$B$2)) -> 89 | L5: =IF(ISBLANK(A5),"",IF(COUNTIFS(Milestones!$A$2:$A$41,A5)=0,"None",COUNTIFS(Milestones!$A$2:$A$41,A5,Milestones!$D$2:$D$41,TRUE)&" of "&COUNTIFS(Milestones!$A$2:$A$41,A5))) -> 1 of 2 | M5: =IF(ISBLANK(A5),"",IF(I5=1,"Done",IF(AND(ISNUMBER(H5),Summary!$B$2>H5),"Overdue",IF(AND(ISNUMBER(G5),Summary!$B$2<G5),"Not started",IF(NOT(ISNUMBER(J5)),"",IF(I5>=J5,"On track","Behind")))))) -> Behind | N5: Pack lunch 4 days a week
A6: Read 20 books this year | B6: Learning | C6: books | D6: 0 | E6: 20 | F6: =IF(ISBLANK(A6),"",IF(COUNTIFS('Progress Log'!$B$2:$B$61,A6)=0,D6,SUMIFS('Progress Log'!$C$2:$C$61,'Progress Log'!$B$2:$B$61,A6,'Progress Log'!$E$2:$E$61,TRUE))) -> 17 | G6: 46023 | H6: 46387 | I6: =IF(OR(ISBLANK(A6),E6=D6),"",MAX(0,MIN(1,(F6-D6)/(E6-D6)))) -> 0.85 | J6: =IF(OR(ISBLANK(A6),NOT(ISNUMBER(G6)),NOT(ISNUMBER(H6))),"",IF(H6<=G6,1,MAX(0,MIN(1,(Summary!$B$2-G6)/(H6-G6))))) -> 0.84340659 | K6: =IF(OR(ISBLANK(A6),NOT(ISNUMBER(H6))),"",MAX(0,H6-Summary!$B$2)) -> 57 | L6: =IF(ISBLANK(A6),"",IF(COUNTIFS(Milestones!$A$2:$A$41,A6)=0,"None",COUNTIFS(Milestones!$A$2:$A$41,A6,Milestones!$D$2:$D$41,TRUE)&" of "&COUNTIFS(Milestones!$A$2:$A$41,A6))) -> None | M6: =IF(ISBLANK(A6),"",IF(I6=1,"Done",IF(AND(ISNUMBER(H6),Summary!$B$2>H6),"Overdue",IF(AND(ISNUMBER(G6),Summary!$B$2<G6),"Not started",IF(NOT(ISNUMBER(J6)),"",IF(I6>=J6,"On track","Behind")))))) -> On track | N6: Read before bed, not the phone
A7: Finish an online Excel course | B7: Career | C7: modules | D7: 0 | E7: 12 | F7: =IF(ISBLANK(A7),"",IF(COUNTIFS('Progress Log'!$B$2:$B$61,A7)=0,D7,SUMIFS('Progress Log'!$C$2:$C$61,'Progress Log'!$B$2:$B$61,A7,'Progress Log'!$E$2:$E$61,TRUE))) -> 5 | G7: 46266 | H7: 46371 | I7: =IF(OR(ISBLANK(A7),E7=D7),"",MAX(0,MIN(1,(F7-D7)/(E7-D7)))) -> 0.41666667 | J7: =IF(OR(ISBLANK(A7),NOT(ISNUMBER(G7)),NOT(ISNUMBER(H7))),"",IF(H7<=G7,1,MAX(0,MIN(1,(Summary!$B$2-G7)/(H7-G7))))) -> 0.60952381 | K7: =IF(OR(ISBLANK(A7),NOT(ISNUMBER(H7))),"",MAX(0,H7-Summary!$B$2)) -> 41 | L7: =IF(ISBLANK(A7),"",IF(COUNTIFS(Milestones!$A$2:$A$41,A7)=0,"None",COUNTIFS(Milestones!$A$2:$A$41,A7,Milestones!$D$2:$D$41,TRUE)&" of "&COUNTIFS(Milestones!$A$2:$A$41,A7))) -> 0 of 2 | M7: =IF(ISBLANK(A7),"",IF(I7=1,"Done",IF(AND(ISNUMBER(H7),Summary!$B$2>H7),"Overdue",IF(AND(ISNUMBER(G7),Summary!$B$2<G7),"Not started",IF(NOT(ISNUMBER(J7)),"",IF(I7>=J7,"On track","Behind")))))) -> Behind | N7: Two modules a week
A8: Learn 500 Spanish words | B8: Learning | C8: words | D8: 0 | E8: 500 | F8: =IF(ISBLANK(A8),"",IF(COUNTIFS('Progress Log'!$B$2:$B$61,A8)=0,D8,SUMIFS('Progress Log'!$C$2:$C$61,'Progress Log'!$B$2:$B$61,A8,'Progress Log'!$E$2:$E$61,TRUE))) -> 95 | G8: 46296 | H8: 46477 | I8: =IF(OR(ISBLANK(A8),E8=D8),"",MAX(0,MIN(1,(F8-D8)/(E8-D8)))) -> 0.19 | J8: =IF(OR(ISBLANK(A8),NOT(ISNUMBER(G8)),NOT(ISNUMBER(H8))),"",IF(H8<=G8,1,MAX(0,MIN(1,(Summary!$B$2-G8)/(H8-G8))))) -> 0.1878453 | K8: =IF(OR(ISBLANK(A8),NOT(ISNUMBER(H8))),"",MAX(0,H8-Summary!$B$2)) -> 147 | L8: =IF(ISBLANK(A8),"",IF(COUNTIFS(Milestones!$A$2:$A$41,A8)=0,"None",COUNTIFS(Milestones!$A$2:$A$41,A8,Milestones!$D$2:$D$41,TRUE)&" of "&COUNTIFS(Milestones!$A$2:$A$41,A8))) -> 0 of 2 | M8: =IF(ISBLANK(A8),"",IF(I8=1,"Done",IF(AND(ISNUMBER(H8),Summary!$B$2>H8),"Overdue",IF(AND(ISNUMBER(G8),Summary!$B$2<G8),"Not started",IF(NOT(ISNUMBER(J8)),"",IF(I8>=J8,"On track","Behind")))))) -> On track | N8: 15 minutes on the app daily
A9: Repaint the bedroom and hallway | B9: Home | C9: rooms | D9: 0 | E9: 2 | F9: =IF(ISBLANK(A9),"",IF(COUNTIFS('Progress Log'!$B$2:$B$61,A9)=0,D9,SUMIFS('Progress Log'!$C$2:$C$61,'Progress Log'!$B$2:$B$61,A9,'Progress Log'!$E$2:$E$61,TRUE))) -> 2 | G9: 46266 | H9: 46326 | I9: =IF(OR(ISBLANK(A9),E9=D9),"",MAX(0,MIN(1,(F9-D9)/(E9-D9)))) -> 1 | J9: =IF(OR(ISBLANK(A9),NOT(ISNUMBER(G9)),NOT(ISNUMBER(H9))),"",IF(H9<=G9,1,MAX(0,MIN(1,(Summary!$B$2-G9)/(H9-G9))))) -> 1 | K9: =IF(OR(ISBLANK(A9),NOT(ISNUMBER(H9))),"",MAX(0,H9-Summary!$B$2)) -> 0 | L9: =IF(ISBLANK(A9),"",IF(COUNTIFS(Milestones!$A$2:$A$41,A9)=0,"None",COUNTIFS(Milestones!$A$2:$A$41,A9,Milestones!$D$2:$D$41,TRUE)&" of "&COUNTIFS(Milestones!$A$2:$A$41,A9))) -> 3 of 3 | M9: =IF(ISBLANK(A9),"",IF(I9=1,"Done",IF(AND(ISNUMBER(H9),Summary!$B$2>H9),"Overdue",IF(AND(ISNUMBER(G9),Summary!$B$2<G9),"Not started",IF(NOT(ISNUMBER(J9)),"",IF(I9>=J9,"On track","Behind")))))) -> Done | N9: Done!
A10: Clear out the garage | B10: Home | C10: boxes sorted | D10: 0 | E10: 20 | F10: =IF(ISBLANK(A10),"",IF(COUNTIFS('Progress Log'!$B$2:$B$61,A10)=0,D10,SUMIFS('Progress Log'!$C$2:$C$61,'Progress Log'!$B$2:$B$61,A10,'Progress Log'!$E$2:$E$61,TRUE))) -> 0 | G10: 46341 | H10: 46376 | I10: =IF(OR(ISBLANK(A10),E10=D10),"",MAX(0,MIN(1,(F10-D10)/(E10-D10)))) -> 0 | J10: =IF(OR(ISBLANK(A10),NOT(ISNUMBER(G10)),NOT(ISNUMBER(H10))),"",IF(H10<=G10,1,MAX(0,MIN(1,(Summary!$B$2-G10)/(H10-G10))))) -> 0 | K10: =IF(OR(ISBLANK(A10),NOT(ISNUMBER(H10))),"",MAX(0,H10-Summary!$B$2)) -> 46 | L10: =IF(ISBLANK(A10),"",IF(COUNTIFS(Milestones!$A$2:$A$41,A10)=0,"None",COUNTIFS(Milestones!$A$2:$A$41,A10,Milestones!$D$2:$D$41,TRUE)&" of "&COUNTIFS(Milestones!$A$2:$A$41,A10))) -> 0 of 1 | M10: =IF(ISBLANK(A10),"",IF(I10=1,"Done",IF(AND(ISNUMBER(H10),Summary!$B$2>H10),"Overdue",IF(AND(ISNUMBER(G10),Summary!$B$2<G10),"Not started",IF(NOT(ISNUMBER(J10)),"",IF(I10>=J10,"On track","Behind")))))) -> Not started | N10: Start after Thanksgiving
F11: =IF(ISBLANK(A11),"",IF(COUNTIFS('Progress Log'!$B$2:$B$61,A11)=0,D11,SUMIFS('Progress Log'!$C$2:$C$61,'Progress Log'!$B$2:$B$61,A11,'Progress Log'!$E$2:$E$61,TRUE))) | I11: =IF(OR(ISBLANK(A11),E11=D11),"",MAX(0,MIN(1,(F11-D11)/(E11-D11)))) | J11: =IF(OR(ISBLANK(A11),NOT(ISNUMBER(G11)),NOT(ISNUMBER(H11))),"",IF(H11<=G11,1,MAX(0,MIN(1,(Summary!$B$2-G11)/(H11-G11))))) | K11: =IF(OR(ISBLANK(A11),NOT(ISNUMBER(H11))),"",MAX(0,H11-Summary!$B$2)) | L11: =IF(ISBLANK(A11),"",IF(COUNTIFS(Milestones!$A$2:$A$41,A11)=0,"None",COUNTIFS(Milestones!$A$2:$A$41,A11,Milestones!$D$2:$D$41,TRUE)&" of "&COUNTIFS(Milestones!$A$2:$A$41,A11))) | M11: =IF(ISBLANK(A11),"",IF(I11=1,"Done",IF(AND(ISNUMBER(H11),Summary!$B$2>H11),"Overdue",IF(AND(ISNUMBER(G11),Summary!$B$2<G11),"Not started",IF(NOT(ISNUMBER(J11)),"",IF(I11>=J11,"On track","Behind"))))))
F12: =IF(ISBLANK(A12),"",IF(COUNTIFS('Progress Log'!$B$2:$B$61,A12)=0,D12,SUMIFS('Progress Log'!$C$2:$C$61,'Progress Log'!$B$2:$B$61,A12,'Progress Log'!$E$2:$E$61,TRUE))) | I12: =IF(OR(ISBLANK(A12),E12=D12),"",MAX(0,MIN(1,(F12-D12)/(E12-D12)))) | J12: =IF(OR(ISBLANK(A12),NOT(ISNUMBER(G12)),NOT(ISNUMBER(H12))),"",IF(H12<=G12,1,MAX(0,MIN(1,(Summary!$B$2-G12)/(H12-G12))))) | K12: =IF(OR(ISBLANK(A12),NOT(ISNUMBER(H12))),"",MAX(0,H12-Summary!$B$2)) | L12: =IF(ISBLANK(A12),"",IF(COUNTIFS(Milestones!$A$2:$A$41,A12)=0,"None",COUNTIFS(Milestones!$A$2:$A$41,A12,Milestones!$D$2:$D$41,TRUE)&" of "&COUNTIFS(Milestones!$A$2:$A$41,A12))) | M12: =IF(ISBLANK(A12),"",IF(I12=1,"Done",IF(AND(ISNUMBER(H12),Summary!$B$2>H12),"Overdue",IF(AND(ISNUMBER(G12),Summary!$B$2<G12),"Not started",IF(NOT(ISNUMBER(J12)),"",IF(I12>=J12,"On track","Behind"))))))
F13: =IF(ISBLANK(A13),"",IF(COUNTIFS('Progress Log'!$B$2:$B$61,A13)=0,D13,SUMIFS('Progress Log'!$C$2:$C$61,'Progress Log'!$B$2:$B$61,A13,'Progress Log'!$E$2:$E$61,TRUE))) | I13: =IF(OR(ISBLANK(A13),E13=D13),"",MAX(0,MIN(1,(F13-D13)/(E13-D13)))) | J13: =IF(OR(ISBLANK(A13),NOT(ISNUMBER(G13)),NOT(ISNUMBER(H13))),"",IF(H13<=G13,1,MAX(0,MIN(1,(Summary!$B$2-G13)/(H13-G13))))) | K13: =IF(OR(ISBLANK(A13),NOT(ISNUMBER(H13))),"",MAX(0,H13-Summary!$B$2)) | L13: =IF(ISBLANK(A13),"",IF(COUNTIFS(Milestones!$A$2:$A$41,A13)=0,"None",COUNTIFS(Milestones!$A$2:$A$41,A13,Milestones!$D$2:$D$41,TRUE)&" of "&COUNTIFS(Milestones!$A$2:$A$41,A13))) | M13: =IF(ISBLANK(A13),"",IF(I13=1,"Done",IF(AND(ISNUMBER(H13),Summary!$B$2>H13),"Overdue",IF(AND(ISNUMBER(G13),Summary!$B$2<G13),"Not started",IF(NOT(ISNUMBER(J13)),"",IF(I13>=J13,"On track","Behind"))))))
F14: =IF(ISBLANK(A14),"",IF(COUNTIFS('Progress Log'!$B$2:$B$61,A14)=0,D14,SUMIFS('Progress Log'!$C$2:$C$61,'Progress Log'!$B$2:$B$61,A14,'Progress Log'!$E$2:$E$61,TRUE))) | I14: =IF(OR(ISBLANK(A14),E14=D14),"",MAX(0,MIN(1,(F14-D14)/(E14-D14)))) | J14: =IF(OR(ISBLANK(A14),NOT(ISNUMBER(G14)),NOT(ISNUMBER(H14))),"",IF(H14<=G14,1,MAX(0,MIN(1,(Summary!$B$2-G14)/(H14-G14))))) | K14: =IF(OR(ISBLANK(A14),NOT(ISNUMBER(H14))),"",MAX(0,H14-Summary!$B$2)) | L14: =IF(ISBLANK(A14),"",IF(COUNTIFS(Milestones!$A$2:$A$41,A14)=0,"None",COUNTIFS(Milestones!$A$2:$A$41,A14,Milestones!$D$2:$D$41,TRUE)&" of "&COUNTIFS(Milestones!$A$2:$A$41,A14))) | M14: =IF(ISBLANK(A14),"",IF(I14=1,"Done",IF(AND(ISNUMBER(H14),Summary!$B$2>H14),"Overdue",IF(AND(ISNUMBER(G14),Summary!$B$2<G14),"Not started",IF(NOT(ISNUMBER(J14)),"",IF(I14>=J14,"On track","Behind"))))))
F15: =IF(ISBLANK(A15),"",IF(COUNTIFS('Progress Log'!$B$2:$B$61,A15)=0,D15,SUMIFS('Progress Log'!$C$2:$C$61,'Progress Log'!$B$2:$B$61,A15,'Progress Log'!$E$2:$E$61,TRUE))) | I15: =IF(OR(ISBLANK(A15),E15=D15),"",MAX(0,MIN(1,(F15-D15)/(E15-D15)))) | J15: =IF(OR(ISBLANK(A15),NOT(ISNUMBER(G15)),NOT(ISNUMBER(H15))),"",IF(H15<=G15,1,MAX(0,MIN(1,(Summary!$B$2-G15)/(H15-G15))))) | K15: =IF(OR(ISBLANK(A15),NOT(ISNUMBER(H15))),"",MAX(0,H15-Summary!$B$2)) | L15: =IF(ISBLANK(A15),"",IF(COUNTIFS(Milestones!$A$2:$A$41,A15)=0,"None",COUNTIFS(Milestones!$A$2:$A$41,A15,Milestones!$D$2:$D$41,TRUE)&" of "&COUNTIFS(Milestones!$A$2:$A$41,A15))) | M15: =IF(ISBLANK(A15),"",IF(I15=1,"Done",IF(AND(ISNUMBER(H15),Summary!$B$2>H15),"Overdue",IF(AND(ISNUMBER(G15),Summary!$B$2<G15),"Not started",IF(NOT(ISNUMBER(J15)),"",IF(I15>=J15,"On track","Behind"))))))
F16: =IF(ISBLANK(A16),"",IF(COUNTIFS('Progress Log'!$B$2:$B$61,A16)=0,D16,SUMIFS('Progress Log'!$C$2:$C$61,'Progress Log'!$B$2:$B$61,A16,'Progress Log'!$E$2:$E$61,TRUE))) | I16: =IF(OR(ISBLANK(A16),E16=D16),"",MAX(0,MIN(1,(F16-D16)/(E16-D16)))) | J16: =IF(OR(ISBLANK(A16),NOT(ISNUMBER(G16)),NOT(ISNUMBER(H16))),"",IF(H16<=G16,1,MAX(0,MIN(1,(Summary!$B$2-G16)/(H16-G16))))) | K16: =IF(OR(ISBLANK(A16),NOT(ISNUMBER(H16))),"",MAX(0,H16-Summary!$B$2)) | L16: =IF(ISBLANK(A16),"",IF(COUNTIFS(Milestones!$A$2:$A$41,A16)=0,"None",COUNTIFS(Milestones!$A$2:$A$41,A16,Milestones!$D$2:$D$41,TRUE)&" of "&COUNTIFS(Milestones!$A$2:$A$41,A16))) | M16: =IF(ISBLANK(A16),"",IF(I16=1,"Done",IF(AND(ISNUMBER(H16),Summary!$B$2>H16),"Overdue",IF(AND(ISNUMBER(G16),Summary!$B$2<G16),"Not started",IF(NOT(ISNUMBER(J16)),"",IF(I16>=J16,"On track","Behind"))))))
F17: =IF(ISBLANK(A17),"",IF(COUNTIFS('Progress Log'!$B$2:$B$61,A17)=0,D17,SUMIFS('Progress Log'!$C$2:$C$61,'Progress Log'!$B$2:$B$61,A17,'Progress Log'!$E$2:$E$61,TRUE))) | I17: =IF(OR(ISBLANK(A17),E17=D17),"",MAX(0,MIN(1,(F17-D17)/(E17-D17)))) | J17: =IF(OR(ISBLANK(A17),NOT(ISNUMBER(G17)),NOT(ISNUMBER(H17))),"",IF(H17<=G17,1,MAX(0,MIN(1,(Summary!$B$2-G17)/(H17-G17))))) | K17: =IF(OR(ISBLANK(A17),NOT(ISNUMBER(H17))),"",MAX(0,H17-Summary!$B$2)) | L17: =IF(ISBLANK(A17),"",IF(COUNTIFS(Milestones!$A$2:$A$41,A17)=0,"None",COUNTIFS(Milestones!$A$2:$A$41,A17,Milestones!$D$2:$D$41,TRUE)&" of "&COUNTIFS(Milestones!$A$2:$A$41,A17))) | M17: =IF(ISBLANK(A17),"",IF(I17=1,"Done",IF(AND(ISNUMBER(H17),Summary!$B$2>H17),"Overdue",IF(AND(ISNUMBER(G17),Summary!$B$2<G17),"Not started",IF(NOT(ISNUMBER(J17)),"",IF(I17>=J17,"On track","Behind"))))))
F18: =IF(ISBLANK(A18),"",IF(COUNTIFS('Progress Log'!$B$2:$B$61,A18)=0,D18,SUMIFS('Progress Log'!$C$2:$C$61,'Progress Log'!$B$2:$B$61,A18,'Progress Log'!$E$2:$E$61,TRUE))) | I18: =IF(OR(ISBLANK(A18),E18=D18),"",MAX(0,MIN(1,(F18-D18)/(E18-D18)))) | J18: =IF(OR(ISBLANK(A18),NOT(ISNUMBER(G18)),NOT(ISNUMBER(H18))),"",IF(H18<=G18,1,MAX(0,MIN(1,(Summary!$B$2-G18)/(H18-G18))))) | K18: =IF(OR(ISBLANK(A18),NOT(ISNUMBER(H18))),"",MAX(0,H18-Summary!$B$2)) | L18: =IF(ISBLANK(A18),"",IF(COUNTIFS(Milestones!$A$2:$A$41,A18)=0,"None",COUNTIFS(Milestones!$A$2:$A$41,A18,Milestones!$D$2:$D$41,TRUE)&" of "&COUNTIFS(Milestones!$A$2:$A$41,A18))) | M18: =IF(ISBLANK(A18),"",IF(I18=1,"Done",IF(AND(ISNUMBER(H18),Summary!$B$2>H18),"Overdue",IF(AND(ISNUMBER(G18),Summary!$B$2<G18),"Not started",IF(NOT(ISNUMBER(J18)),"",IF(I18>=J18,"On track","Behind"))))))
F19: =IF(ISBLANK(A19),"",IF(COUNTIFS('Progress Log'!$B$2:$B$61,A19)=0,D19,SUMIFS('Progress Log'!$C$2:$C$61,'Progress Log'!$B$2:$B$61,A19,'Progress Log'!$E$2:$E$61,TRUE))) | I19: =IF(OR(ISBLANK(A19),E19=D19),"",MAX(0,MIN(1,(F19-D19)/(E19-D19)))) | J19: =IF(OR(ISBLANK(A19),NOT(ISNUMBER(G19)),NOT(ISNUMBER(H19))),"",IF(H19<=G19,1,MAX(0,MIN(1,(Summary!$B$2-G19)/(H19-G19))))) | K19: =IF(OR(ISBLANK(A19),NOT(ISNUMBER(H19))),"",MAX(0,H19-Summary!$B$2)) | L19: =IF(ISBLANK(A19),"",IF(COUNTIFS(Milestones!$A$2:$A$41,A19)=0,"None",COUNTIFS(Milestones!$A$2:$A$41,A19,Milestones!$D$2:$D$41,TRUE)&" of "&COUNTIFS(Milestones!$A$2:$A$41,A19))) | M19: =IF(ISBLANK(A19),"",IF(I19=1,"Done",IF(AND(ISNUMBER(H19),Summary!$B$2>H19),"Overdue",IF(AND(ISNUMBER(G19),Summary!$B$2<G19),"Not started",IF(NOT(ISNUMBER(J19)),"",IF(I19>=J19,"On track","Behind"))))))
F20: =IF(ISBLANK(A20),"",IF(COUNTIFS('Progress Log'!$B$2:$B$61,A20)=0,D20,SUMIFS('Progress Log'!$C$2:$C$61,'Progress Log'!$B$2:$B$61,A20,'Progress Log'!$E$2:$E$61,TRUE))) | I20: =IF(OR(ISBLANK(A20),E20=D20),"",MAX(0,MIN(1,(F20-D20)/(E20-D20)))) | J20: =IF(OR(ISBLANK(A20),NOT(ISNUMBER(G20)),NOT(ISNUMBER(H20))),"",IF(H20<=G20,1,MAX(0,MIN(1,(Summary!$B$2-G20)/(H20-G20))))) | K20: =IF(OR(ISBLANK(A20),NOT(ISNUMBER(H20))),"",MAX(0,H20-Summary!$B$2)) | L20: =IF(ISBLANK(A20),"",IF(COUNTIFS(Milestones!$A$2:$A$41,A20)=0,"None",COUNTIFS(Milestones!$A$2:$A$41,A20,Milestones!$D$2:$D$41,TRUE)&" of "&COUNTIFS(Milestones!$A$2:$A$41,A20))) | M20: =IF(ISBLANK(A20),"",IF(I20=1,"Done",IF(AND(ISNUMBER(H20),Summary!$B$2>H20),"Overdue",IF(AND(ISNUMBER(G20),Summary!$B$2<G20),"Not started",IF(NOT(ISNUMBER(J20)),"",IF(I20>=J20,"On track","Behind"))))))
F21: =IF(ISBLANK(A21),"",IF(COUNTIFS('Progress Log'!$B$2:$B$61,A21)=0,D21,SUMIFS('Progress Log'!$C$2:$C$61,'Progress Log'!$B$2:$B$61,A21,'Progress Log'!$E$2:$E$61,TRUE))) | I21: =IF(OR(ISBLANK(A21),E21=D21),"",MAX(0,MIN(1,(F21-D21)/(E21-D21)))) | J21: =IF(OR(ISBLANK(A21),NOT(ISNUMBER(G21)),NOT(ISNUMBER(H21))),"",IF(H21<=G21,1,MAX(0,MIN(1,(Summary!$B$2-G21)/(H21-G21))))) | K21: =IF(OR(ISBLANK(A21),NOT(ISNUMBER(H21))),"",MAX(0,H21-Summary!$B$2)) | L21: =IF(ISBLANK(A21),"",IF(COUNTIFS(Milestones!$A$2:$A$41,A21)=0,"None",COUNTIFS(Milestones!$A$2:$A$41,A21,Milestones!$D$2:$D$41,TRUE)&" of "&COUNTIFS(Milestones!$A$2:$A$41,A21))) | M21: =IF(ISBLANK(A21),"",IF(I21=1,"Done",IF(AND(ISNUMBER(H21),Summary!$B$2>H21),"Overdue",IF(AND(ISNUMBER(G21),Summary!$B$2<G21),"Not started",IF(NOT(ISNUMBER(J21)),"",IF(I21>=J21,"On track","Behind"))))))

Sheet Milestones
A1: Goal | B1: Milestone | C1: Due | D1: Done | E1: Status
A2: Pay off the Visa card | B2: Balance under $4,000 | C2: 46234 | D2: TRUE | E2: =IF(ISBLANK(B2),"",IF(D2=TRUE,"Done",IF(NOT(ISNUMBER(C2)),"",IF(C2<Summary!$B$2,"Overdue",IF(C2-Summary!$B$2<=14,"Due soon","Upcoming"))))) -> Done
A3: Pay off the Visa card | B3: Balance under $2,000 | C3: 46326 | D3: FALSE | E3: =IF(ISBLANK(B3),"",IF(D3=TRUE,"Done",IF(NOT(ISNUMBER(C3)),"",IF(C3<Summary!$B$2,"Overdue",IF(C3-Summary!$B$2<=14,"Due soon","Upcoming"))))) -> Overdue
A4: Pay off the Visa card | B4: Card paid off | C4: 46387 | D4: FALSE | E4: =IF(ISBLANK(B4),"",IF(D4=TRUE,"Done",IF(NOT(ISNUMBER(C4)),"",IF(C4<Summary!$B$2,"Overdue",IF(C4-Summary!$B$2<=14,"Due soon","Upcoming"))))) -> Upcoming
A5: Save a $5,000 emergency fund | B5: First $2,500 saved | C5: 46203 | D5: TRUE | E5: =IF(ISBLANK(B5),"",IF(D5=TRUE,"Done",IF(NOT(ISNUMBER(C5)),"",IF(C5<Summary!$B$2,"Overdue",IF(C5-Summary!$B$2<=14,"Due soon","Upcoming"))))) -> Done
A6: Save a $5,000 emergency fund | B6: Three months of rent saved | C6: 46326 | D6: TRUE | E6: =IF(ISBLANK(B6),"",IF(D6=TRUE,"Done",IF(NOT(ISNUMBER(C6)),"",IF(C6<Summary!$B$2,"Overdue",IF(C6-Summary!$B$2<=14,"Due soon","Upcoming"))))) -> Done
A7: Save a $5,000 emergency fund | B7: $5,000 saved | C7: 46387 | D7: FALSE | E7: =IF(ISBLANK(B7),"",IF(D7=TRUE,"Done",IF(NOT(ISNUMBER(C7)),"",IF(C7<Summary!$B$2,"Overdue",IF(C7-Summary!$B$2<=14,"Due soon","Upcoming"))))) -> Upcoming
A8: Run a half marathon | B8: Run 10K without stopping | C8: 46280 | D8: TRUE | E8: =IF(ISBLANK(B8),"",IF(D8=TRUE,"Done",IF(NOT(ISNUMBER(C8)),"",IF(C8<Summary!$B$2,"Overdue",IF(C8-Summary!$B$2<=14,"Due soon","Upcoming"))))) -> Done
A9: Run a half marathon | B9: Sign up for the race | C9: 46356 | D9: FALSE | E9: =IF(ISBLANK(B9),"",IF(D9=TRUE,"Done",IF(NOT(ISNUMBER(C9)),"",IF(C9<Summary!$B$2,"Overdue",IF(C9-Summary!$B$2<=14,"Due soon","Upcoming"))))) -> Upcoming
A10: Run a half marathon | B10: 10-mile long run | C10: 46446 | D10: FALSE | E10: =IF(ISBLANK(B10),"",IF(D10=TRUE,"Done",IF(NOT(ISNUMBER(C10)),"",IF(C10<Summary!$B$2,"Overdue",IF(C10-Summary!$B$2<=14,"Due soon","Upcoming"))))) -> Upcoming
A11: Lose 15 pounds | B11: Down 5 pounds | C11: 46296 | D11: TRUE | E11: =IF(ISBLANK(B11),"",IF(D11=TRUE,"Done",IF(NOT(ISNUMBER(C11)),"",IF(C11<Summary!$B$2,"Overdue",IF(C11-Summary!$B$2<=14,"Due soon","Upcoming"))))) -> Done
A12: Lose 15 pounds | B12: Down 10 pounds | C12: 46357 | D12: FALSE | E12: =IF(ISBLANK(B12),"",IF(D12=TRUE,"Done",IF(NOT(ISNUMBER(C12)),"",IF(C12<Summary!$B$2,"Overdue",IF(C12-Summary!$B$2<=14,"Due soon","Upcoming"))))) -> Upcoming
A13: Finish an online Excel course | B13: Finish modules 1 to 6 | C13: 46326 | D13: FALSE | E13: =IF(ISBLANK(B13),"",IF(D13=TRUE,"Done",IF(NOT(ISNUMBER(C13)),"",IF(C13<Summary!$B$2,"Overdue",IF(C13-Summary!$B$2<=14,"Due soon","Upcoming"))))) -> Overdue
... A20: Clear out the garage | B20: Book a donation pickup | C20: 46357 | D20: FALSE | E20: =IF(ISBLANK(B20),"",IF(D20=TRUE,"Done",IF(NOT(ISNUMBER(C20)),"",IF(C20<Summary!$B$2,"Overdue",IF(C20-Summary!$B$2<=14,"Due soon","Upcoming"))))) -> Upcoming
D21: FALSE | E21: =IF(ISBLANK(B21),"",IF(D21=TRUE,"Done",IF(NOT(ISNUMBER(C21)),"",IF(C21<Summary!$B$2,"Overdue",IF(C21-Summary!$B$2<=14,"Due soon","Upcoming")))))
D22: FALSE | E22: =IF(ISBLANK(B22),"",IF(D22=TRUE,"Done",IF(NOT(ISNUMBER(C22)),"",IF(C22<Summary!$B$2,"Overdue",IF(C22-Summary!$B$2<=14,"Due soon","Upcoming")))))
D23: FALSE | E23: =IF(ISBLANK(B23),"",IF(D23=TRUE,"Done",IF(NOT(ISNUMBER(C23)),"",IF(C23<Summary!$B$2,"Overdue",IF(C23-Summary!$B$2<=14,"Due soon","Upcoming")))))
D24: FALSE | E24: =IF(ISBLANK(B24),"",IF(D24=TRUE,"Done",IF(NOT(ISNUMBER(C24)),"",IF(C24<Summary!$B$2,"Overdue",IF(C24-Summary!$B$2<=14,"Due soon","Upcoming")))))
D25: FALSE | E25: =IF(ISBLANK(B25),"",IF(D25=TRUE,"Done",IF(NOT(ISNUMBER(C25)),"",IF(C25<Summary!$B$2,"Overdue",IF(C25-Summary!$B$2<=14,"Due soon","Upcoming")))))
D26: FALSE | E26: =IF(ISBLANK(B26),"",IF(D26=TRUE,"Done",IF(NOT(ISNUMBER(C26)),"",IF(C26<Summary!$B$2,"Overdue",IF(C26-Summary!$B$2<=14,"Due soon","Upcoming")))))
D27: FALSE | E27: =IF(ISBLANK(B27),"",IF(D27=TRUE,"Done",IF(NOT(ISNUMBER(C27)),"",IF(C27<Summary!$B$2,"Overdue",IF(C27-Summary!$B$2<=14,"Due soon","Upcoming")))))
D28: FALSE | E28: =IF(ISBLANK(B28),"",IF(D28=TRUE,"Done",IF(NOT(ISNUMBER(C28)),"",IF(C28<Summary!$B$2,"Overdue",IF(C28-Summary!$B$2<=14,"Due soon","Upcoming")))))
D29: FALSE | E29: =IF(ISBLANK(B29),"",IF(D29=TRUE,"Done",IF(NOT(ISNUMBER(C29)),"",IF(C29<Summary!$B$2,"Overdue",IF(C29-Summary!$B$2<=14,"Due soon","Upcoming")))))
D30: FALSE | E30: =IF(ISBLANK(B30),"",IF(D30=TRUE,"Done",IF(NOT(ISNUMBER(C30)),"",IF(C30<Summary!$B$2,"Overdue",IF(C30-Summary!$B$2<=14,"Due soon","Upcoming")))))
D31: FALSE | E31: =IF(ISBLANK(B31),"",IF(D31=TRUE,"Done",IF(NOT(ISNUMBER(C31)),"",IF(C31<Summary!$B$2,"Overdue",IF(C31-Summary!$B$2<=14,"Due soon","Upcoming")))))
D32: FALSE | E32: =IF(ISBLANK(B32),"",IF(D32=TRUE,"Done",IF(NOT(ISNUMBER(C32)),"",IF(C32<Summary!$B$2,"Overdue",IF(C32-Summary!$B$2<=14,"Due soon","Upcoming")))))
... D41: FALSE | E41: =IF(ISBLANK(B41),"",IF(D41=TRUE,"Done",IF(NOT(ISNUMBER(C41)),"",IF(C41<Summary!$B$2,"Overdue",IF(C41-Summary!$B$2<=14,"Due soon","Upcoming")))))

Sheet Progress Log
A1: Date | B1: Goal | C1: Value | D1: Note | E1: Latest
A2: 46113 | B2: Pay off the Visa card | C2: 5400 | D2: Tax refund helped | E2: =IF(OR(ISBLANK(A2),ISBLANK(B2),ISBLANK(C2)),FALSE,AND(COUNTIFS($B$2:$B$61,B2,$A$2:$A$61,">"&A2)=0,COUNTIFS(B3:$B$62,B2,A3:$A$62,A2)=0)) -> FALSE
A3: 46113 | B3: Save a $5,000 emergency fund | C3: 1900 | E3: =IF(OR(ISBLANK(A3),ISBLANK(B3),ISBLANK(C3)),FALSE,AND(COUNTIFS($B$2:$B$61,B3,$A$2:$A$61,">"&A3)=0,COUNTIFS(B4:$B$62,B3,A4:$A$62,A3)=0)) -> FALSE
A4: 46174 | B4: Pay off the Visa card | C4: 4300 | E4: =IF(OR(ISBLANK(A4),ISBLANK(B4),ISBLANK(C4)),FALSE,AND(COUNTIFS($B$2:$B$61,B4,$A$2:$A$61,">"&A4)=0,COUNTIFS(B5:$B$62,B4,A5:$A$62,A4)=0)) -> FALSE
A5: 46203 | B5: Read 20 books this year | C5: 11 | E5: =IF(OR(ISBLANK(A5),ISBLANK(B5),ISBLANK(C5)),FALSE,AND(COUNTIFS($B$2:$B$61,B5,$A$2:$A$61,">"&A5)=0,COUNTIFS(B6:$B$62,B5,A6:$A$62,A5)=0)) -> FALSE
A6: 46204 | B6: Save a $5,000 emergency fund | C6: 2950 | E6: =IF(OR(ISBLANK(A6),ISBLANK(B6),ISBLANK(C6)),FALSE,AND(COUNTIFS($B$2:$B$61,B6,$A$2:$A$61,">"&A6)=0,COUNTIFS(B7:$B$62,B6,A7:$A$62,A6)=0)) -> FALSE
A7: 46208 | B7: Run a half marathon | C7: 5 | E7: =IF(OR(ISBLANK(A7),ISBLANK(B7),ISBLANK(C7)),FALSE,AND(COUNTIFS($B$2:$B$61,B7,$A$2:$A$61,">"&A7)=0,COUNTIFS(B8:$B$62,B7,A8:$A$62,A7)=0)) -> FALSE
A8: 46235 | B8: Pay off the Visa card | C8: 3100 | E8: =IF(OR(ISBLANK(A8),ISBLANK(B8),ISBLANK(C8)),FALSE,AND(COUNTIFS($B$2:$B$61,B8,$A$2:$A$61,">"&A8)=0,COUNTIFS(B9:$B$62,B8,A9:$A$62,A8)=0)) -> FALSE
A9: 46264 | B9: Run a half marathon | C9: 7 | E9: =IF(OR(ISBLANK(A9),ISBLANK(B9),ISBLANK(C9)),FALSE,AND(COUNTIFS($B$2:$B$61,B9,$A$2:$A$61,">"&A9)=0,COUNTIFS(B10:$B$62,B9,A10:$A$62,A9)=0)) -> FALSE
A10: 46266 | B10: Lose 15 pounds | C10: 189 | E10: =IF(OR(ISBLANK(A10),ISBLANK(B10),ISBLANK(C10)),FALSE,AND(COUNTIFS($B$2:$B$61,B10,$A$2:$A$61,">"&A10)=0,COUNTIFS(B11:$B$62,B10,A11:$A$62,A10)=0)) -> FALSE
A11: 46285 | B11: Repaint the bedroom and hallway | C11: 1 | D11: Bedroom done | E11: =IF(OR(ISBLANK(A11),ISBLANK(B11),ISBLANK(C11)),FALSE,AND(COUNTIFS($B$2:$B$61,B11,$A$2:$A$61,">"&A11)=0,COUNTIFS(B12:$B$62,B11,A12:$A$62,A11)=0)) -> FALSE
A12: 46295 | B12: Finish an online Excel course | C12: 3 | E12: =IF(OR(ISBLANK(A12),ISBLANK(B12),ISBLANK(C12)),FALSE,AND(COUNTIFS($B$2:$B$61,B12,$A$2:$A$61,">"&A12)=0,COUNTIFS(B13:$B$62,B12,A13:$A$62,A12)=0)) -> FALSE
A13: 46296 | B13: Pay off the Visa card | C13: 2250 | E13: =IF(OR(ISBLANK(A13),ISBLANK(B13),ISBLANK(C13)),FALSE,AND(COUNTIFS($B$2:$B$61,B13,$A$2:$A$61,">"&A13)=0,COUNTIFS(B14:$B$62,B13,A14:$A$62,A13)=0)) -> FALSE
A14: 46296 | B14: Save a $5,000 emergency fund | C14: 4100 | E14: =IF(OR(ISBLANK(A14),ISBLANK(B14),ISBLANK(C14)),FALSE,AND(COUNTIFS($B$2:$B$61,B14,$A$2:$A$61,">"&A14)=0,COUNTIFS(B15:$B$62,B14,A15:$A$62,A14)=0)) -> FALSE
A15: 46296 | B15: Lose 15 pounds | C15: 186 | E15: =IF(OR(ISBLANK(A15),ISBLANK(B15),ISBLANK(C15)),FALSE,AND(COUNTIFS($B$2:$B$61,B15,$A$2:$A$61,">"&A15)=0,COUNTIFS(B16:$B$62,B15,A16:$A$62,A15)=0)) -> FALSE
A16: 46310 | B16: Learn 500 Spanish words | C16: 60 | E16: =IF(OR(ISBLANK(A16),ISBLANK(B16),ISBLANK(C16)),FALSE,AND(COUNTIFS($B$2:$B$61,B16,$A$2:$A$61,">"&A16)=0,COUNTIFS(B17:$B$62,B16,A17:$A$62,A16)=0)) -> FALSE
A17: 46320 | B17: Run a half marathon | C17: 9 | D17: Knee felt fine | E17: =IF(OR(ISBLANK(A17),ISBLANK(B17),ISBLANK(C17)),FALSE,AND(COUNTIFS($B$2:$B$61,B17,$A$2:$A$61,">"&A17)=0,COUNTIFS(B18:$B$62,B17,A18:$A$62,A17)=0)) -> TRUE
A18: 46321 | B18: Repaint the bedroom and hallway | C18: 2 | D18: Hallway done | E18: =IF(OR(ISBLANK(A18),ISBLANK(B18),ISBLANK(C18)),FALSE,AND(COUNTIFS($B$2:$B$61,B18,$A$2:$A$61,">"&A18)=0,COUNTIFS(B19:$B$62,B18,A19:$A$62,A18)=0)) -> TRUE
A19: 46326 | B19: Read 20 books this year | C19: 17 | E19: =IF(OR(ISBLANK(A19),ISBLANK(B19),ISBLANK(C19)),FALSE,AND(COUNTIFS($B$2:$B$61,B19,$A$2:$A$61,">"&A19)=0,COUNTIFS(B20:$B$62,B19,A20:$A$62,A19)=0)) -> TRUE
A20: 46326 | B20: Finish an online Excel course | C20: 5 | D20: Fell behind, catch up in Nov | E20: =IF(OR(ISBLANK(A20),ISBLANK(B20),ISBLANK(C20)),FALSE,AND(COUNTIFS($B$2:$B$61,B20,$A$2:$A$61,">"&A20)=0,COUNTIFS(B21:$B$62,B20,A21:$A$62,A20)=0)) -> TRUE
A21: 46327 | B21: Pay off the Visa card | C21: 1800 | D21: Slower in October | E21: =IF(OR(ISBLANK(A21),ISBLANK(B21),ISBLANK(C21)),FALSE,AND(COUNTIFS($B$2:$B$61,B21,$A$2:$A$61,">"&A21)=0,COUNTIFS(B22:$B$62,B21,A22:$A$62,A21)=0)) -> TRUE
A22: 46327 | B22: Save a $5,000 emergency fund | C22: 4400 | D22: Bonus went in | E22: =IF(OR(ISBLANK(A22),ISBLANK(B22),ISBLANK(C22)),FALSE,AND(COUNTIFS($B$2:$B$61,B22,$A$2:$A$61,">"&A22)=0,COUNTIFS(B23:$B$62,B22,A23:$A$62,A22)=0)) -> TRUE
A23: 46327 | B23: Lose 15 pounds | C23: 185 | D23: Halloween candy | E23: =IF(OR(ISBLANK(A23),ISBLANK(B23),ISBLANK(C23)),FALSE,AND(COUNTIFS($B$2:$B$61,B23,$A$2:$A$61,">"&A23)=0,COUNTIFS(B24:$B$62,B23,A24:$A$62,A23)=0)) -> TRUE
A24: 46327 | B24: Learn 500 Spanish words | C24: 95 | E24: =IF(OR(ISBLANK(A24),ISBLANK(B24),ISBLANK(C24)),FALSE,AND(COUNTIFS($B$2:$B$61,B24,$A$2:$A$61,">"&A24)=0,COUNTIFS(B25:$B$62,B24,A25:$A$62,A24)=0)) -> TRUE
E25: =IF(OR(ISBLANK(A25),ISBLANK(B25),ISBLANK(C25)),FALSE,AND(COUNTIFS($B$2:$B$61,B25,$A$2:$A$61,">"&A25)=0,COUNTIFS(B26:$B$62,B25,A26:$A$62,A25)=0)) -> FALSE
E26: =IF(OR(ISBLANK(A26),ISBLANK(B26),ISBLANK(C26)),FALSE,AND(COUNTIFS($B$2:$B$61,B26,$A$2:$A$61,">"&A26)=0,COUNTIFS(B27:$B$62,B26,A27:$A$62,A26)=0)) -> FALSE
E27: =IF(OR(ISBLANK(A27),ISBLANK(B27),ISBLANK(C27)),FALSE,AND(COUNTIFS($B$2:$B$61,B27,$A$2:$A$61,">"&A27)=0,COUNTIFS(B28:$B$62,B27,A28:$A$62,A27)=0)) -> FALSE
E28: =IF(OR(ISBLANK(A28),ISBLANK(B28),ISBLANK(C28)),FALSE,AND(COUNTIFS($B$2:$B$61,B28,$A$2:$A$61,">"&A28)=0,COUNTIFS(B29:$B$62,B28,A29:$A$62,A28)=0)) -> FALSE
E29: =IF(OR(ISBLANK(A29),ISBLANK(B29),ISBLANK(C29)),FALSE,AND(COUNTIFS($B$2:$B$61,B29,$A$2:$A$61,">"&A29)=0,COUNTIFS(B30:$B$62,B29,A30:$A$62,A29)=0)) -> FALSE
E30: =IF(OR(ISBLANK(A30),ISBLANK(B30),ISBLANK(C30)),FALSE,AND(COUNTIFS($B$2:$B$61,B30,$A$2:$A$61,">"&A30)=0,COUNTIFS(B31:$B$62,B30,A31:$A$62,A30)=0)) -> FALSE
E31: =IF(OR(ISBLANK(A31),ISBLANK(B31),ISBLANK(C31)),FALSE,AND(COUNTIFS($B$2:$B$61,B31,$A$2:$A$61,">"&A31)=0,COUNTIFS(B32:$B$62,B31,A32:$A$62,A31)=0)) -> FALSE
E32: =IF(OR(ISBLANK(A32),ISBLANK(B32),ISBLANK(C32)),FALSE,AND(COUNTIFS($B$2:$B$61,B32,$A$2:$A$61,">"&A32)=0,COUNTIFS(B33:$B$62,B32,A33:$A$62,A32)=0)) -> FALSE
E33: =IF(OR(ISBLANK(A33),ISBLANK(B33),ISBLANK(C33)),FALSE,AND(COUNTIFS($B$2:$B$61,B33,$A$2:$A$61,">"&A33)=0,COUNTIFS(B34:$B$62,B33,A34:$A$62,A33)=0)) -> FALSE
E34: =IF(OR(ISBLANK(A34),ISBLANK(B34),ISBLANK(C34)),FALSE,AND(COUNTIFS($B$2:$B$61,B34,$A$2:$A$61,">"&A34)=0,COUNTIFS(B35:$B$62,B34,A35:$A$62,A34)=0)) -> FALSE
E35: =IF(OR(ISBLANK(A35),ISBLANK(B35),ISBLANK(C35)),FALSE,AND(COUNTIFS($B$2:$B$61,B35,$A$2:$A$61,">"&A35)=0,COUNTIFS(B36:$B$62,B35,A36:$A$62,A35)=0)) -> FALSE
E36: =IF(OR(ISBLANK(A36),ISBLANK(B36),ISBLANK(C36)),FALSE,AND(COUNTIFS($B$2:$B$61,B36,$A$2:$A$61,">"&A36)=0,COUNTIFS(B37:$B$62,B36,A37:$A$62,A36)=0)) -> FALSE
... E61: =IF(OR(ISBLANK(A61),ISBLANK(B61),ISBLANK(C61)),FALSE,AND(COUNTIFS($B$2:$B$61,B61,$A$2:$A$61,">"&A61)=0,COUNTIFS(B62:$B$62,B61,A62:$A$62,A61)=0)) -> FALSE

Sheet Summary
A1: Item | B1: Value
A2: Today | B2: =DATE(2026,11,4) -> 46330
A3: Goals | B3: =COUNTA(Goals!$A$2:$A$21) -> 9
A4: Done | B4: =COUNTIFS(Goals!$M$2:$M$21,"Done") -> 1
A5: On track | B5: =COUNTIFS(Goals!$M$2:$M$21,"On track") -> 4
A6: Behind | B6: =COUNTIFS(Goals!$M$2:$M$21,"Behind") -> 3
A7: Overdue | B7: =COUNTIFS(Goals!$M$2:$M$21,"Overdue") -> 0
A8: Not started | B8: =COUNTIFS(Goals!$M$2:$M$21,"Not started") -> 1
A9: Average progress | B9: =IF(COUNTIFS(Goals!$I$2:$I$21,">=0")=0,0,SUMIF(Goals!$I$2:$I$21,">=0")/COUNTIFS(Goals!$I$2:$I$21,">=0")) -> 0.56491256
A10: Milestones done | B10: =COUNTIFS(Milestones!$D$2:$D$41,TRUE)&" of "&COUNTA(Milestones!$B$2:$B$41) -> 8 of 19
A11: Milestones overdue | B11: =COUNTIFS(Milestones!$E$2:$E$41,"Overdue") -> 2
A12: Milestones due in the next 14 days | B12: =COUNTIFS(Milestones!$E$2:$E$41,"Due soon") -> 1
A13: Check-ins logged in the last 30 days | B13: =COUNTIFS('Progress Log'!$A$2:$A$61,">"&(B2-30),'Progress Log'!$A$2:$A$61,"<="&B2) -> 9
A14: Average progress: Money | B14: =IF(COUNTIFS(Goals!$B$2:$B$21,"Money",Goals!$I$2:$I$21,">=0")=0,"",SUMIFS(Goals!$I$2:$I$21,Goals!$B$2:$B$21,"Money")/COUNTIFS(Goals!$B$2:$B$21,"Money",Goals!$I$2:$I$21,">=0")) -> 0.78341014
A15: Average progress: Health | B15: =IF(COUNTIFS(Goals!$B$2:$B$21,"Health",Goals!$I$2:$I$21,">=0")=0,"",SUMIFS(Goals!$I$2:$I$21,Goals!$B$2:$B$21,"Health")/COUNTIFS(Goals!$B$2:$B$21,"Health",Goals!$I$2:$I$21,">=0")) -> 0.53036304
A16: Average progress: Learning | B16: =IF(COUNTIFS(Goals!$B$2:$B$21,"Learning",Goals!$I$2:$I$21,">=0")=0,"",SUMIFS(Goals!$I$2:$I$21,Goals!$B$2:$B$21,"Learning")/COUNTIFS(Goals!$B$2:$B$21,"Learning",Goals!$I$2:$I$21,">=0")) -> 0.52
A17: Average progress: Career | B17: =IF(COUNTIFS(Goals!$B$2:$B$21,"Career",Goals!$I$2:$I$21,">=0")=0,"",SUMIFS(Goals!$I$2:$I$21,Goals!$B$2:$B$21,"Career")/COUNTIFS(Goals!$B$2:$B$21,"Career",Goals!$I$2:$I$21,">=0")) -> 0.41666667
A18: Average progress: Home | B18: =IF(COUNTIFS(Goals!$B$2:$B$21,"Home",Goals!$I$2:$I$21,">=0")=0,"",SUMIFS(Goals!$I$2:$I$21,Goals!$B$2:$B$21,"Home")/COUNTIFS(Goals!$B$2:$B$21,"Home",Goals!$I$2:$I$21,">=0")) -> 0.5
